TOP OF THE 1ST |
Indiana Hounds batting - Pitching for Allentown Hillbillies : RHP Carlos García
|
Pitching: RHP Carlos García
|
|
Batting: RHB Henry Haines
|
0-0: Ball 1-0: Ball 2-0: Ball 3-0: Base on Balls
|
Batting: RHB Anastasio Movonda
|
0-0: Foul Ball, location: 2F 0-1: Ball 1-1: Swinging Strike 1-2: Ball 2-2: Strikes out looking
|
Batting: RHB Juan Jose Guevana
|
0-0: Swinging Strike 0-1: Fly out, F7 (Flyball, 7S)
|
Batting: RHB Bob Lazzeri
|
0-0: Fly out, F8 (Flyball, 8LS)
|
Top of the 1st over - 0 runs, 0 hits, 0 errors, 1 left on base; Indiana 0 - Allentown 0 |
BOTTOM OF THE 1ST |
Allentown Hillbillies batting - Pitching for Indiana Hounds : RHP Mike Gordon
|
Pitching: RHP Mike Gordon
|
|
Batting: LHB Júlio Lorenzo
|
0-0: Fly out, F7 (Flyball, 78S)
|
Batting: RHB Jeff Townsley
|
0-0: Called Strike 0-1: Ball 1-1: Foul Ball, location: 2F 1-2: Ball 2-2: Foul Ball, location: 2F 2-2: Reached on error, E5 (Groundball, 25)
|
Batting: RHB Donald Sanford
|
0-0: Called Strike 0-1: Foul Ball, location: 2F 0-2: Ball 1-2: Grounds into double play, 6-4-3 (Groundball, 6)
|
Bottom of the 1st over - 0 runs, 0 hits, 1 error, 0 left on base; Indiana 0 - Allentown 0 |
TOP OF THE 2ND |
Indiana Hounds batting - Pitching for Allentown Hillbillies : RHP Carlos García
|
Batting: RHB Jeff Jones
|
0-0: Ball 1-0: Called Strike 1-1: Ball 2-1: Ball 3-1: Base on Balls
|
Batting: RHB Danny Walker
|
0-0: Foul Ball, location: 2F 0-1: Foul Ball, location: 2F 0-2: Ball 1-2: Ball 2-2: Ball 3-2: Foul Ball, location: 2F 3-2: Base on Balls Jeff Jones to second
|
Batting: LHB Juan Vásquez
|
0-0: Foul Ball, location: 2F 0-1: DOUBLE (Line Drive, 89D) Jeff Jones scores Danny Walker to third
|
Batting: RHB Octávio Zúñiga
|
0-0: Called Strike 0-1: Foul Ball, location: 2F 0-2: Strikes out looking
|
Batting: RHB Manuel Alonso
|
0-0: Fly out, F6 (Line Drive, 56)
|
Batting: RHB Henry Haines
|
0-0: Ball 1-0: Called Strike 1-1: Ball 2-1: Foul Ball, location: 2F 2-2: Strikes out swinging
|
Top of the 2nd over - 1 run, 1 hit, 0 errors, 2 left on base; Indiana 1 - Allentown 0 |
BOTTOM OF THE 2ND |
Allentown Hillbillies batting - Pitching for Indiana Hounds : RHP Mike Gordon
|
Batting: RHB Germano Labrego
|
0-0: Called Strike 0-1: Swinging Strike 0-2: Strikes out looking
|
Batting: RHB Albert Lutz
|
0-0: Called Strike 0-1: Ball 1-1: Foul Ball, location: 2F 1-2: Ball 2-2: Strikes out swinging
|
Batting: RHB Von Ford
|
0-0: Ball 1-0: Ground out 4-3 (Groundball, 4M)
|
Bottom of the 2nd over - 0 runs, 0 hits, 0 errors, 0 left on base; Indiana 1 - Allentown 0 |
TOP OF THE 3RD |
Indiana Hounds batting - Pitching for Allentown Hillbillies : RHP Carlos García
|
Batting: RHB Anastasio Movonda
|
0-0: Ball 1-0: Called Strike 1-1: SINGLE (Groundball, 56) (infield hit)
|
Batting: RHB Juan Jose Guevana
|
0-0: Ball 1-0: Ball 2-0: Foul Ball, location: 2F 2-1: Ball 3-1: Ground out 5-3 (Groundball, 56S) Anastasio Movonda to second
|
Batting: RHB Bob Lazzeri
|
0-0: Ball 1-0: Foul Ball, location: 2F 1-1: Ball 2-1: SINGLE (Groundball, 56D) Anastasio Movonda to third Runner from 3rd tries for Home, SAFE, throw made home
|
Batting: RHB Jeff Jones
|
0-0: Ball 1-0: Ball 2-0: Ball 3-0: Called Strike 3-1: Base on Balls Bob Lazzeri to second
|
Batting: RHB Danny Walker
|
0-0: Foul Ball, location: 2F 0-1: Called Strike 0-2: SINGLE (Line Drive, 4MD) Bob Lazzeri to third Jeff Jones to second
|
Batting: LHB Juan Vásquez
|
0-0: Swinging Strike 0-1: Foul Ball, location: 2F 0-2: Grounds into double play, 5-4-3 (Groundball, 56)
|
Top of the 3rd over - 1 run, 3 hits, 0 errors, 2 left on base; Indiana 2 - Allentown 0 |
BOTTOM OF THE 3RD |
Allentown Hillbillies batting - Pitching for Indiana Hounds : RHP Mike Gordon
|
Batting: RHB Joel Jackson
|
0-0: DOUBLE (Line Drive, 7LS)
|
Batting: SHB Travis Martin
|
0-0: Ball 1-0: Ball 2-0: Reached via error on a dropped throw, E1 Joel Jackson to third
|
Batting: LHB Russell Ewing
|
0-0: Ball 1-0: Swinging Strike 1-1: Ball 2-1: Foul Ball, location: 2F 2-2: Foul Ball, location: 2F 2-2: Grounds out, U3 (Groundball, 3L) Joel Jackson scores
|
Batting: LHB Júlio Lorenzo
|
0-0: SINGLE (Groundball, 4MD) Travis Martin to third Runner from 3rd tries for Home, SAFE, no throw
|
Batting: RHB Jeff Townsley
|
0-0: Swinging Strike 0-1: Ball 1-1: Called Strike 1-2: Ball 2-2: Ball 3-2: Base on Balls Júlio Lorenzo to second
|
Batting: RHB Donald Sanford
|
0-0: Called Strike 0-1: Ball 1-1: Foul Ball, location: 2F 1-2: SINGLE (Line Drive, 6D) Júlio Lorenzo to third Jeff Townsley to second
|
Batting: RHB Germano Labrego
|
0-0: Fielders Choice at 2nd, 6-4 (Groundball, 6) Júlio Lorenzo scores Jeff Townsley to third
|
Batting: RHB Albert Lutz
|
0-0: SINGLE (Line Drive, 56D) Jeff Townsley scores Germano Labrego to second
|
Batting: RHB Von Ford
|
0-0: SINGLE (Groundball, 4MD) Germano Labrego to third Albert Lutz to second Runner from 3rd tries for Home, SAFE, no throw
|
Batting: RHB Joel Jackson
|
0-0: Ball 1-0: Called Strike 1-1: Foul Ball, location: 2F 1-2: Ball 2-2: Ball 3-2: Base on Balls Albert Lutz to third Von Ford to second
|
Batting: SHB Travis Martin
|
0-0: Called Strike 0-1: SINGLE (Line Drive, 78S) Albert Lutz scores Von Ford to third Joel Jackson to second Runner from 3rd tries for Home, SAFE, throw made home
|
Pitching: RHP Alan O'Higgins
|
|
Batting: LHB Russell Ewing
|
0-0: Ball Wild Pitch! Joel Jackson to third Travis Martin to second 1-0: Foul Ball, location: 2F 1-1: Called Strike 1-2: Strikes out looking
|
Bottom of the 3rd over - 7 runs, 6 hits, 1 error, 2 left on base; Indiana 2 - Allentown 7 |
TOP OF THE 4TH |
Indiana Hounds batting - Pitching for Allentown Hillbillies : RHP Carlos García
|
Batting: RHB Octávio Zúñiga
|
0-0: Foul Ball, location: 2F 0-1: Ball 1-1: Called Strike 1-2: Ball 2-2: Ball 3-2: Foul Ball, location: 2F 3-2: Strikes out swinging
|
Batting: RHB Manuel Alonso
|
0-0: Called Strike 0-1: Called Strike 0-2: Ball 1-2: SINGLE (Flyball, 9LS)
|
Batting: RHB Henry Haines
|
0-0: Ball Manuel Alonso steals 2nd base 1-0: Swinging Strike 1-1: Foul Ball, location: 2F 1-2: Ball 2-2: Hit by Pitch
|
Batting: RHB Anastasio Movonda
|
0-0: Called Strike 0-1: Ground out 6-3 (Groundball, 6MS) Manuel Alonso to third Henry Haines to second
|
Batting: RHB Juan Jose Guevana
|
0-0: Ball 1-0: Foul Ball, location: 2F 1-1: Called Strike 1-2: Foul Ball, location: 2F 1-2: Strikes out swinging
|
Top of the 4th over - 0 runs, 1 hit, 0 errors, 2 left on base; Indiana 2 - Allentown 7 |
BOTTOM OF THE 4TH |
Allentown Hillbillies batting - Pitching for Indiana Hounds : RHP Alan O'Higgins
|
Batting: LHB Júlio Lorenzo
|
0-0: Foul Ball, location: 2F 0-1: Ball 1-1: Ball 2-1: Foul Ball, location: 2F 2-2: Ball 3-2: Base on Balls
|
Batting: RHB Jeff Townsley
|
0-0: Ball 1-0: Ball 2-0: Called Strike 2-1: SINGLE (Line Drive, 56D) Júlio Lorenzo to second Runner from 2nd tries for 3rd, OUT! Jeff Townsley to second
|
Batting: RHB Donald Sanford
|
0-0: Called Strike 0-1: Ball 1-1: Foul Ball, location: 2F 1-2: Fly out, F8 (Flyball, 8RD) Runner from 2nd tags up, SAFE at 3rd with throw
|
Batting: RHB Germano Labrego
|
0-0: Called Strike 0-1: Fly out, F9 (Flyball, 89M)
|
Bottom of the 4th over - 0 runs, 1 hit, 0 errors, 1 left on base; Indiana 2 - Allentown 7 |
TOP OF THE 5TH |
Indiana Hounds batting - Pitching for Allentown Hillbillies : RHP Carlos García
|
Batting: RHB Bob Lazzeri
|
0-0: Called Strike 0-1: Ball 1-1: Ball 2-1: Foul Ball, location: 2F 2-2: SINGLE (Groundball, 34D)
|
Batting: RHB Jeff Jones
|
0-0: Ball 1-0: Called Strike 1-1: Foul Ball, location: 2F 1-2: Ball 2-2: Ball 3-2: Base on Balls Bob Lazzeri to second
|
Pitching: RHP Coy Torres
|
|
Batting: RHB Danny Walker
|
0-0: Called Strike 0-1: Called Strike 0-2: Ball 1-2: Fielders Choice at 2nd, 4-6 (Groundball, 4M) Bob Lazzeri to third
|
Batting: LHB Juan Vásquez
|
0-0: Ball 1-0: Ball 2-0: Ball 3-0: Base on Balls Danny Walker to second
|
Batting: RHB Octávio Zúñiga
|
0-0: Called Strike 0-1: Ball 1-1: Ball 2-1: Foul Ball, location: 2F 2-2: Fielders Choice at 2nd, 4-6 (Groundball, 34) Bob Lazzeri scores Danny Walker to third
|
Batting: RHB Manuel Alonso
|
0-0: Ball 1-0: Foul Ball, location: 2F 1-1: Swinging Strike 1-2: Strikes out swinging
|
Top of the 5th over - 1 run, 1 hit, 0 errors, 2 left on base; Indiana 3 - Allentown 7 |
BOTTOM OF THE 5TH |
Allentown Hillbillies batting - Pitching for Indiana Hounds : RHP Alan O'Higgins
|
Batting: RHB Albert Lutz
|
0-0: Ball 1-0: Ball 2-0: Called Strike 2-1: Called Strike 2-2: Ground out 6-3 (Groundball, 6)
|
Batting: RHB Von Ford
|
0-0: Ball 1-0: Ball 2-0: Called Strike 2-1: Ball 3-1: Base on Balls
|
Batting: RHB Joel Jackson
|
0-0: Ball 1-0: Called Strike 1-1: Foul Ball, location: 2F 1-2: Ball 2-2: Ball 3-2: Strikes out looking
|
Batting: SHB Travis Martin
|
0-0: Ball 1-0: Ball 2-0: Fielders Choice at 2nd, 6-4 (Groundball, 6)
|
Bottom of the 5th over - 0 runs, 0 hits, 0 errors, 1 left on base; Indiana 3 - Allentown 7 |
TOP OF THE 6TH |
Indiana Hounds batting - Pitching for Allentown Hillbillies : RHP Coy Torres
|
Batting: RHB Henry Haines
|
0-0: Ball 1-0: Called Strike 1-1: Ground out 4-3 (Groundball, 34)
|
Batting: RHB Anastasio Movonda
|
0-0: Ball 1-0: Ball 2-0: Ball 3-0: Called Strike 3-1: Foul Ball, location: 2F 3-2: Foul Ball, location: 2F 3-2: Base on Balls
|
Batting: RHB Juan Jose Guevana
|
0-0: Called Strike 0-1: Swinging Strike 0-2: Ball 1-2: Ball 2-2: Ball 3-2: Base on Balls Anastasio Movonda to second
|
Batting: RHB Bob Lazzeri
|
0-0: SINGLE (Groundball, 34D) Anastasio Movonda to third Juan Jose Guevana to second Runner from 3rd tries for Home, SAFE, no throw
|
Batting: RHB Jeff Jones
|
0-0: Ball 1-0: Called Strike 1-1: Foul Ball, location: 2F 1-2: Foul Ball, location: 2F 1-2: SINGLE (Flyball, 7LS) Juan Jose Guevana to third Bob Lazzeri to second Runner from 3rd tries for Home, SAFE, no throw
|
Pitching: RHP Mike Pierce
|
|
Batting: RHB Danny Walker
|
0-0: Ball 1-0: 3-RUN HOME RUN (Flyball, 7LD), Distance : 376 ft
|
Batting: LHB Juan Vásquez
|
0-0: Called Strike 0-1: Ball 1-1: Ball 2-1: Ball 3-1: Foul Ball, location: 2F 3-2: Strikes out swinging
|
Batting: RHB Octávio Zúñiga
|
0-0: Swinging Strike 0-1: Swinging Strike 0-2: Ball 1-2: Ball 2-2: Foul Ball, location: 2F 2-2: Foul Ball, location: 2F 2-2: Ball 3-2: SINGLE (Groundball, 6MD)
|
Batting: RHB Manuel Alonso
|
0-0: SINGLE (Flyball, 7LS) Octávio Zúñiga to second
|
Batting: RHB Henry Haines
|
0-0: Foul Ball, location: 2F 0-1: Ball 1-1: Ball 2-1: Called Strike 2-2: Strikes out swinging
|
Top of the 6th over - 5 runs, 5 hits, 0 errors, 2 left on base; Indiana 8 - Allentown 7 |
BOTTOM OF THE 6TH |
Allentown Hillbillies batting - Pitching for Indiana Hounds : RHP Alan O'Higgins
|
Batting: LHB Russell Ewing
|
0-0: Ball 1-0: Swinging Strike 1-1: Ball 2-1: Fly out, F8 (Flyball, 8RM)
|
Batting: LHB Júlio Lorenzo
|
0-0: Called Strike 0-1: Ball 1-1: Ball 2-1: Foul Ball, location: 2F 2-2: Fly out, F9 (Flyball, 89M)
|
Batting: RHB Jeff Townsley
|
0-0: SINGLE (Groundball, 34) (infield hit)
|
Batting: RHB Donald Sanford
|
0-0: Ball 1-0: Ball 2-0: Foul Ball, location: 2F 2-1: Called Strike 2-2: Ground out 5-3 (Groundball, 5)
|
Bottom of the 6th over - 0 runs, 1 hit, 0 errors, 1 left on base; Indiana 8 - Allentown 7 |
TOP OF THE 7TH |
Indiana Hounds batting - Pitching for Allentown Hillbillies : RHP Mike Pierce
|
Batting: RHB Anastasio Movonda
|
0-0: Ball 1-0: Swinging Strike 1-1: Foul Ball, location: 2F 1-2: Ground out 4-3 (Groundball, 4)
|
Batting: RHB Juan Jose Guevana
|
0-0: Ball 1-0: Ball 2-0: Foul Ball, location: 2F 2-1: Called Strike 2-2: Ball 3-2: Foul Ball, location: 2F 3-2: Strikes out swinging
|
Batting: RHB Bob Lazzeri
|
0-0: Ball 1-0: Ball 2-0: Called Strike 2-1: Called Strike 2-2: Ball 3-2: Foul Ball, location: 2F 3-2: Strikes out swinging
|
Top of the 7th over - 0 runs, 0 hits, 0 errors, 0 left on base; Indiana 8 - Allentown 7 |
BOTTOM OF THE 7TH |
Allentown Hillbillies batting - Pitching for Indiana Hounds : RHP Alan O'Higgins
|
Pitching: RHP Gary Johnson
|
|
Batting: RHB Germano Labrego
|
0-0: Ball 1-0: Ball 2-0: Ball 3-0: Called Strike 3-1: Fly out, F8 (Flyball, 8LD)
|
Batting: RHB Albert Lutz
|
0-0: Called Strike 0-1: Ball 1-1: Ball 2-1: Ball 3-1: Ground out 4-3 (Groundball, 4MD)
|
Batting: RHB Von Ford
|
0-0: Ball 1-0: Swinging Strike 1-1: Ball 2-1: Fly out, F4 (Flyball, 34D)
|
Bottom of the 7th over - 0 runs, 0 hits, 0 errors, 0 left on base; Indiana 8 - Allentown 7 |
TOP OF THE 8TH |
Indiana Hounds batting - Pitching for Allentown Hillbillies : RHP Mike Pierce
|
Batting: RHB Jeff Jones
|
0-0: Ball 1-0: Ball 2-0: Ball 3-0: Base on Balls
|
Pitching: LHP Alejandro Castillo
|
|
Batting: RHB Danny Walker
|
0-0: Ball 1-0: Ball 2-0: Swinging Strike 2-1: Fly out, F3 (Popup, 23F)
|
Pinch Hitting: RHB Vicente Valentín
|
0-0: Ball 1-0: Foul Ball, location: 2F 1-1: Ball 2-1: Called Strike 2-2: Foul Ball, location: 2F 2-2: SINGLE (Line Drive, 56) Jeff Jones to second
|
Pinch Runner at 2nd Pepe Vázquez:
|
|
Batting: RHB Octávio Zúñiga
|
0-0: Ball 1-0: Called Strike 1-1: Fly out, F9 (Flyball, 9D) Runner from 2nd tags up, SAFE at 3rd, no throw
|
Pinch Hitting: RHB Roberto Cardona
|
0-0: Ball 1-0: Ball 2-0: Called Strike 2-1: Swinging Strike 2-2: Foul Ball, location: 2F 2-2: Ball 3-2: Base on Balls Vicente Valentín to second
|
Batting: RHB Henry Haines
|
0-0: Called Strike 0-1: Foul Ball, location: 2F 0-2: Fly out, F8 (Flyball, 8LS)
|
Top of the 8th over - 0 runs, 1 hit, 0 errors, 3 left on base; Indiana 8 - Allentown 7 |
BOTTOM OF THE 8TH |
Allentown Hillbillies batting - Pitching for Indiana Hounds : RHP Gary Johnson
|
Pitching: LHP Ricardo Vargas
|
|
Now at 3B: Víctor Márquez
|
|
Now in LF: Roberto Cardona
|
|
Now in CF: Pepe Vázquez
|
|
Batting: RHB Joel Jackson
|
0-0: Called Strike 0-1: Ball 1-1: Foul Ball, location: 2F 1-2: Ball 2-2: Strikes out swinging
|
Batting: SHB Travis Martin
|
0-0: Ball 1-0: Ground out 4-3 (Groundball, 4)
|
Batting: LHB Russell Ewing
|
0-0: Foul Ball, location: 2F 0-1: Ball 1-1: Swinging Strike 1-2: Fly out, F5 (Popup, 15)
|
Bottom of the 8th over - 0 runs, 0 hits, 0 errors, 0 left on base; Indiana 8 - Allentown 7 |
TOP OF THE 9TH |
Indiana Hounds batting - Pitching for Allentown Hillbillies : LHP Alejandro Castillo
|
Batting: RHB Anastasio Movonda
|
0-0: Ball 1-0: Ground out 6-3 (Groundball, 56)
|
Batting: RHB Juan Jose Guevana
|
0-0: Swinging Strike 0-1: Ball 1-1: Ball 2-1: Foul Ball, location: 2F 2-2: Foul Ball, location: 2F 2-2: Ball 3-2: Base on Balls
|
Batting: RHB Bob Lazzeri
|
0-0: Called Strike 0-1: Swinging Strike 0-2: Ground out 3-1 (Groundball, 3) Juan Jose Guevana to second
|
Pinch Hitting: RHB Felipe Rodríguez
|
0-0: Foul Ball, location: 2F 0-1: Ball 1-1: Fly out, F3 (Popup, 34)
|
Top of the 9th over - 0 runs, 0 hits, 0 errors, 1 left on base; Indiana 8 - Allentown 7 |
BOTTOM OF THE 9TH |
Allentown Hillbillies batting - Pitching for Indiana Hounds : LHP Ricardo Vargas
|
Now in RF: Manny Hernández
|
|
Pinch Hitting: RHB Justin Harris
|
0-0: Ball 1-0: Ball 2-0: Ball 3-0: Called Strike 3-1: SINGLE (Flyball, 9S)
|
Batting: RHB Jeff Townsley
|
0-0: Ball 1-0: Swinging Strike 1-1: Called Strike 1-2: Foul Ball, location: 2F 1-2: Strikes out looking
|
Batting: RHB Donald Sanford
|
0-0: Called Strike 0-1: Ball 1-1: SINGLE (Line Drive, 6MD) Justin Harris to second
|
Batting: RHB Germano Labrego
|
0-0: Called Strike 0-1: DOUBLE (Flyball, 78D) Justin Harris scores Donald Sanford to third Runner from 3rd tries for Home, SAFE, no throw
|
Saturday, April 7th, 2018 - OOTP Baseball 18.8 Build 76
|
|